Map: Vigía EE

Players

TATORREA

  • Race: Protoss Protoss
  • League: Silver
  • Spawn Location: 9:00

MrFercho

  • Race: Zerg Zerg
  • League: Silver
  • Spawn Location: 12:00

tigro

  • Race: Terran Terran
  • League: Bronze
  • Spawn Location: 9:00

SIMPSON - Winner!

  • Race: Zerg Zerg
  • League: Silver
  • Spawn Location: 5:00

Ace - Winner!

  • Race: Zerg Zerg
  • League: Silver
  • Spawn Location: 6:00

BeachChicken - Winner!

  • Race: Protoss Protoss
  • Spawn Location: 5:00

VOD

Have the link to the VOD?

Description

Time

  • Played on: June 24, 2020, 8:57 p.m.
  • Length: 8:21
Show
View Real Time Build Order
Export as new Build Order

TATORREA Protoss 

Build Orders:  

Get SALT Encoding   

  12  0:01  Probe  
  13  0:13  Probe  
  14  0:25  Probe  
  14  0:28  Pylon  
  15  0:46  Probe  
  15  0:49  Gateway  
  16  0:58  Probe  
  17  1:10  Probe  
  18  1:15  Assimilator  
  18  1:18  Pylon, Probe  
  18  1:23  Assimilator  
  19  1:26  Probe  
  20  1:36  Probe  
  21  1:44  Cybernetics Core  
  21  1:47  Gateway  
  21  1:48  Probe  
  22  2:00  Probe  
  23  2:13  Probe  
  24  2:18  Nexus  
  24  2:23  Pylon  
  24  2:25  Probe  
  25  2:34  Probe  
  25  2:42  Probe  
  26  2:45  Stalker  
  29  2:52  Probe  
  29  3:04  Probe  
  30  3:14  Stalker, Probe  
  33  3:22  Probe  
  34  3:31  Probe x2  
  34  3:33  Stargate  
  35  3:39  Probe  
  35  3:40  Probe  
  35  3:41  Assimilator  
  36  3:43  Assimilator  
  36  3:47  Probe  
  36  3:48  Probe  
  38  3:54  Zealot x2  
  44  3:58  Probe x2  
  42  4:29  Void Ray  
  28  4:51  Probe  
  14  5:04  Probe  
  12  5:16  Probe  
  2  6:27  Probe  
  3  6:35  Probe  
  4  6:44  Probe  
  5  6:56  Probe  
  6  7:09  Probe  
Show
View Real Time Build Order
Export as new Build Order

MrFercho Zerg 

Build Orders: Hatch First 

Get SALT Encoding   

  12  0:02  Drone  
  13  0:15  Overlord  
  13  0:18  Drone  
  14  0:34  Drone x2  
  16  0:53  Hatchery  
  15  0:59  Drone  
  16  1:12  Spawning Pool  
  16  1:14  Drone  
  16  1:17  Drone  
  17  1:21  Drone  
  17  1:25  Drone  
  19  1:29  Extractor  
  18  1:36  Drone  
  19  1:47  Drone  
  20  2:02  Drone  
  21  2:09  Queen  
  21  2:13  Queen  
  25  2:16  Zergling x4  
  25  2:20  Drone  
  25  2:22  Overlord  
  28  2:32  Overlord x2  
  28  2:40  Drone x2  
  30  2:55  Drone x2  
  32  3:00  Drone  
  32  3:03  Drone  
  34  3:12  Queen  
  36  3:14  Lair  
  36  3:19  Drone x2  
  38  3:20  Drone  
  39  3:28  Roach Warren  
  39  3:31  Zergling x2  
  39  3:37  Metabolic Boost  
  39  3:40  Drone  
  39  3:41  Drone  
  41  3:42  Drone x4  
  41  3:48  Drone  
  46  3:49  Drone x3  
  46  3:55  Drone  
  50  4:00  Drone  
  50  4:01  Evolution Chamber  
  50  4:07  Extractor  
  50  4:08  Extractor  
  47  4:21  Roach x2  
  47  4:22  Roach  
  51  4:31  Overlord x4  
  51  4:32  Overlord  
  51  5:00  Roach x6  
  61  5:12  Zerg Missile Weapons Level 1  
  57  5:16  Zergling x4  
  59  5:32  Glial Reconstitution  
  59  5:35  Roach x4  
  51  6:21  Roach x3  
  51  6:22  Roach x3  
  57  6:48  Spine Crawler  
  57  6:50  Zergling x8  
  57  6:52  Spine Crawler  
  47  7:09  Roach  
  47  7:10  Roach x3  
  50  7:26  Zergling x4  
  51  7:31  Roach x5  
  51  7:38  Roach  
  53  7:46  Roach  
Show
View Real Time Build Order
Export as new Build Order

tigro Terran 

Build Orders:  

Get SALT Encoding   

  12  0:01  SCV  
  13  0:13  SCV  
  14  0:25  Supply Depot  
  14  0:26  SCV  
  15  0:35  Refinery  
  15  0:47  SCV  
  16  0:51  Barracks  
  16  0:59  SCV  
  16  1:02  Refinery  
  17  1:11  SCV  
  18  1:22  Supply Depot  
  18  1:23  SCV  
  19  1:35  SCV  
  19  1:38  Marine  
  21  1:52  Barracks  
  21  1:55  SCV  
  21  1:56  Marine  
  23  2:08  SCV  
  24  2:13  Marine  
  25  2:20  SCV  
  25  2:22  Engineering Bay  
  26  2:31  Marine  
  26  2:34  Orbital Command  
  27  2:41  Barracks Reactor  
  27  2:43  Factory  
  27  2:49  Marine  
  28  3:12  Barracks Tech Lab  
  28  3:27  Factory Tech Lab  
  28  3:36  Starport  
  28  3:41  Terran Infantry Weapons Level 1  
  28  3:51  Marine x3  
  31  4:00  Combat Shield  
  31  4:09  Marine x3  
  30  4:14  Starport  
  26  4:27  Marine x3  
  31  4:45  Hellion, Marine x3  
  33  5:02  Marine  
  33  5:03  Marine x2  
  33  5:06  Hellion  
  29  5:20  Marine  
  29  5:21  Marine x2  
  31  5:22  Medivac  
  31  5:28  Hellion  
  31  5:35  Terran Infantry Armor Level 1  
  20  5:38  Marine x3  
  16  5:49  Hellion  
  15  5:50  Starport Tech Lab  
  15  5:56  Marine x3  
  17  6:14  Marine x3  
  14  6:32  Marine  
  10  6:35  Marine  
  10  6:36  Marine  
  4  6:50  Marine  
  4  6:52  Starport Tech Lab  
  4  6:53  Marine x2  
  7  7:03  SCV  
  6  7:11  Marine  
  6  7:15  SCV  
  4  7:27  SCV  
  5  7:39  SCV  
  5  7:51  SCV  
Show
View Real Time Build Order
Export as new Build Order

SIMPSON Zerg - Winner!

Build Orders: Pool First 

Get SALT Encoding   

  12  0:21  Spawning Pool  
  11  0:22  Drone  
  11  0:27  Drone  
  13  0:36  Drone  
  13  0:42  Extractor  
  13  0:46  Extractor, Drone x2  
  14  0:56  Overlord  
  14  1:14  Queen  
  14  1:15  Drone  
  17  1:19  Drone  
  18  1:39  Zergling x2  
  19  1:40  Zergling x2  
  20  1:51  Zergling x2  
  21  2:02  Drone  
  22  2:16  Hatchery  
  22  2:17  Zergling x2  
  22  2:21  Overlord  
  22  2:28  Metabolic Boost  
  22  2:45  Zergling x6  
  25  2:57  Drone  
  26  3:00  Lair  
  26  3:10  Zergling x2  
  27  3:17  Zergling x2  
  28  3:22  Zergling x2  
  29  3:41  Zergling x2  
  30  3:52  Zergling x8  
  33  4:08  Zergling x6  
  33  4:19  Zergling x4  
  32  4:35  Zergling x4  
  32  4:42  Zergling x4  
  34  4:48  Zergling x2  
  35  4:56  Overlord  
  33  5:14  Zergling x2  
  33  5:15  Zergling x6  
  36  5:26  Zergling x4  
  30  5:40  Zergling x2  
  30  5:41  Zergling x6  
  30  6:08  Hydralisk Den  
  27  6:14  Zergling x8  
  27  6:15  Zergling x4  
  30  6:29  Zergling x4  
  32  6:37  Zergling x4  
  28  6:48  Zergling x4  
  30  7:12  Zergling x8  
  32  7:21  Zergling x4  
  26  7:31  Zergling x2  
  26  7:32  Zergling x2  
  28  7:42  Zergling x2  
  28  7:43  Zergling x2  
  30  7:56  Zergling x4  
Show
View Real Time Build Order
Export as new Build Order

Ace Zerg - Winner!

Build Orders: Hatch First 

Get SALT Encoding   

  12  0:02  Drone  
  13  0:10  Drone  
  14  0:44  Hatchery  
  13  0:58  Drone  
  13  0:59  Overlord x2  
  14  1:11  Spawning Pool  
  14  1:14  Extractor  
  14  1:16  Drone  
  13  1:21  Drone  
  15  1:40  Drone  
  15  1:52  Drone  
  16  1:57  Drone  
  17  2:03  Drone  
  18  2:13  Overlord  
  18  2:16  Queen  
  18  2:20  Metabolic Boost  
  20  2:24  Drone x2  
  22  2:31  Zergling x6  
  25  2:42  Drone  
  25  2:43  Drone  
  27  2:55  Zergling x2  
  27  2:56  Zergling x2  
  29  3:03  Evolution Chamber  
  28  3:10  Zergling x2  
  28  3:11  Zergling x4  
  31  3:30  Zerg Melee Weapons Level 1  
  31  3:35  Zergling x2  
  31  3:36  Zergling x8  
  31  3:37  Zergling x2  
  31  3:38  Zergling x4  
  39  4:12  Zergling x10  
  39  4:15  Overlord x2  
  42  4:46  Zergling x2  
  42  4:47  Zergling x10  
  41  5:03  Zergling x4  
  39  5:09  Queen  
  39  5:10  Drone  
  40  5:54  Zergling x18  
  47  5:59  Lair  
  37  6:15  Zergling x8  
  41  6:35  Zergling x20  
  40  7:13  Zergling x2  
  40  7:14  Zergling x14  
  42  7:34  Overlord x4  
  37  7:40  Hatchery  
  36  7:46  Zergling x6  
Show
View Real Time Build Order
Export as new Build Order

BeachChicken Protoss - Winner!

Build Orders: Double Forge 

Get SALT Encoding   

  12  0:00  Probe  
  13  0:58  Probe  
  13  1:03  Pylon  
  14  1:06  Assimilator, Nexus  
  14  1:11  Assimilator  
  14  1:12  Probe  
  15  1:20  Probe  
  16  1:28  Probe  
  17  1:39  Gateway  
  17  1:46  Gateway  
  17  1:56  Probe  
  18  2:07  Probe  
  19  2:15  Probe  
  19  2:18  Probe  
  21  2:23  Probe  
  21  2:26  Probe  
  22  2:34  Probe  
  24  2:47  Probe  
  24  2:48  Cybernetics Core  
  25  2:52  Gateway  
  25  3:03  Gateway  
  24  3:10  Probe  
  24  3:11  Probe  
  26  3:22  Probe  
  26  3:23  Probe  
  28  3:35  Probe  
  29  3:42  Stalker  
  29  3:43  Stalker  
  29  3:44  Stalker  
  35  3:52  Stalker  
  37  4:01  Assimilator  
  37  4:03  Probe  
  37  4:05  Assimilator  
  38  4:22  Pylon  
  38  4:29  Pylon  
  38  4:40  Stalker, Probe  
  38  4:44  Forge  
  41  4:46  Forge  
  41  4:50  Stalker  
  41  4:52  Stalker x2, Probe  
  48  5:03  Stalker  
  48  5:04  Probe  
  51  5:17  Probe  
  52  5:29  Probe  
  53  5:41  Probe  
  54  5:44  Protoss Ground Weapons Level 1  
  54  5:45  Pylon  
  54  5:48  Pylon  
  54  6:03  Stalker x4  
  56  6:37  Stalker  
  56  6:38  Stalker  
  56  6:39  Stalker x2  
  56  6:46  Gateway  
  52  6:49  Gateway  
  52  7:00  Probe  
  52  7:08  Probe  
  54  7:18  Probe  
  55  7:34  Zealot x2  
  55  7:35  Zealot  
  55  7:36  Zealot x2  
  67  7:37  Zealot  
Tags
 
Add a new tag
Caveats
  • Supply blocks, unpowered buildings, or Contaminate may cause inaccurate times.
  • Supply counts are checked every 10 seconds.